[Event "Live Chess"]
[Site "Chess.com"]
[Date "2024.06.02"]
[Round "-"]
[White "RockTroll"]
[Black "yarek"]
[Result "1-0"]
[WhiteElo "2180"]
[BlackElo "1732"]
[TimeControl "300"]
[EndTime "1:51:54 PDT"]
[Termination "RockTroll won by checkmate"]

1. Nf3 g6 2. d3 Bg7 3. Nc3 c6 4. g3 d5 5. Bg2 e5 6. Bd2 d4 7. Nb1 Ne7 8. Qc1 O-O 9. Bh6 Nf5 10. Bxg7 Kxg7 11. g4 Nh4 12. Nxh4 Qxh4 13. h3 f5 14. Bf3 Be6 15. Nd2 Nd7 16. gxf5 Bxf5 17. Nc4 Be6 18. b3 Bxc4 19. bxc4 Nc5 20. a4 e4 21.
dxe4 Nxe4 22. Bxe4 Qxe4 23. Rg1 Rae8 24. Qd2 c5 25. Qd3 Qh4 26. Qg3 Qe4 27. Qd3 Qh4 28. Rg3 Rf7 29. Rf3 Rfe7 30. O-O-O Rxe2 31. Qb3 Qe7 32. Kb2 b6 33. Qd3 Qd7 34. Kb3 a6 35.
h4 R2e5 36. Rh1 h6 37. Rg1 R5e6 38. Rfg3 Qf7 39. Rf3 Qe7 40. Rfg3 Qf7 41. Kb2 Qd7 42. Rxg6+ Rxg6 43. Qxg6+ Kh8 44. Qxh6+ Qh7 45. Qf6+ Qg7 46. Qxg7# 1-0

[Event "Live Chess"]
[Site "Chess.com"]
[Date "2024.06.02"]
[Round "-"]
[White "nitrofish07"]
[Black "TheSmoulderingMaster"]
[Result "0-1"]
[WhiteElo "2080"]
[BlackElo "1778"]
[TimeControl "300"]
[EndTime "1:52:09 PDT"]
[Termination "TheSmoulderingMaster won on time"]

1. e4 c5 2. Nf3 d6 3. d4 cxd4 4. Nxd4 Nf6 5. Nc3 g6 6. Be3 Bg7 7. f3 O-O 8. Qd2 Nc6 9. Bc4 Ne5 10. Bb3 Bd7 11. O-O-O Qa5 12. Kb1 Rfc8 13. h4 b5 14.
g4 Nc4 15. Bxc4 bxc4 16. h5 Rab8 17. Ka1 Qb4 18. Rb1 Rb6 19. hxg6 fxg6 20. g5 Nh5 21. Rhd1 Rcb8 22. Nde2 Ra6 23. b3 Ng3 24. Nd4 d5 25. bxc4 Qd6 26. Rxb8+ Qxb8 27. Nxd5 Be6 28. Rb1 Qe8 29.
Qb4 Qf7 30. Nxe7+ Kh8 31. Nd5 Bxd5 32. cxd5 Rb6 33. Qe1 Qxf3 34. Rxb6 axb6 35. Kb1 Nxe4 36. Ne6 Nc3+ 37. Kc1 Qxd5 38. Nxg7 Kxg7 39. Qxc3+ Kf7 40. Qd4 Qh1+ 41. Kb2 Qc6 42. Qf6+ Qxf6+ 43. gxf6 Kxf6 44. Kc3 h5 45. Bxb6 g5 46. Bf2 Kf5 47. Kd3 Kg4 48.
Ke3 Kh3 49. Kf3 g4+ 50. Kf4 h4 51. Bxh4 Kxh4 52. c4 g3 53. c5 g2 0-1

[Event "Live Chess"]
[Site "Chess.com"]
[Date "2024.06.02"]
[Round "-"]
[White "vincents82"]
[Black "missedJariChance"]
[Result "1-0"]
[WhiteElo "2005"]
[BlackElo "1356"]
[TimeControl "300"]
[EndTime "1:52:50 PDT"]
[Termination "vincents82 won by resignation"]

1. e4 c5 2. Nf3 e6 3. d4 cxd4 4. Nxd4 Nc6 5. Nc3 a6 6. g3 Qc7 7. Bg2 Nf6 8. O-O Be7 9. Re1 O-O 10. Nxc6 bxc6 11. e5 Nd5 12. Qg4 f5 13. Qe2 Bb7 14. Nxd5 cxd5 15. c3 Bc5 16. Kh1 Bc6 17. Be3 Bb5 18.
Qd2 Bxe3 19. Qxe3 Rab8 20. b3 Bc6 21. Qd4 Qa5 22. f4 Rbc8 23. b4 Qc7 24. Re3 Bb5 25.
a4 Bc4 26. Bf1 Qb7 27. Kg1 Bxf1 28. Rxf1 Rc4 29. Qd2 Rfc8 30. Rff3 Qb6 31. Kg2 Kf7 32. Rd3 Re4 33. Rfe3 Rcc4 34. Rxe4 Rxe4 35. Rd4 Rxd4 36. Qxd4 Qb7 37. Qc5 d4+ 38. Kf2 d3 39. Qd4 Qe4 40.
Qxe4 fxe4 41. b5 axb5 42. a5 Ke8 43. a6 Kd8 44. a7 Kc7 45. a8=Q 1-0

[Event "Live Chess"]
[Site "Chess.com"]
[Date "2024.06.02"]
[Round "-"]
[White "seasidecastle27"]
[Black "juniortay"]
[Result "0-1"]
[WhiteElo "1931"]
[BlackElo "2388"]
[TimeControl "300"]
[EndTime "1:52:52 PDT"]
[Termination "juniortay won by checkmate"]

1. d4 d5 2. Nf3 c5 3. Bf4 e6 4.
e3 Bd6 5. Bg3 Nf6 6. Nbd2 O-O 7.
c3 Qc7 8. dxc5 Qxc5 9. Bxd6 Qxd6 10. Nc4 Qc7 11. Nce5 Nc6 12. Nxc6 bxc6 13. Bd3 Rb8 14. Qe2 c5 15. b3 e5 16. Bc2 Re8 17. O-O Rb6 18.
Rad1 Bg4 19. h3 Bh5 20. g4 Nxg4 21. hxg4 Bxg4 22. e4 Rg6 23. exd5 Bxf3+ 24. Bxg6 Bxe2 25. d6 Qd7 26. Bxh7+ Kxh7 27. Rfe1 Qg4+ 28. Kh1 Qh3+ 29. Kg1 Bf3 30. d7 Qg2# 0-1

[Event "Live Chess"]
[Site "Chess.com"]
[Date "2024.06.02"]
[Round "-"]
[White "dmitro74"]
[Black "Grace6363"]
[Result "1-0"]
[WhiteElo "1702"]
[BlackElo "1148"]
[TimeControl "300"]
[EndTime "1:52:53 PDT"]
[Termination "dmitro74 won by resignation"]

1. d4 Nf6 2. c4 g6 3. Nc3 d5 4. cxd5 Nxd5 5. e4 Nxc3 6. bxc3 Bg7 7. Bc4 c5 8. Ne2 Nc6 9. O-O a6 10. Be3 b5 11. Bb3 c4 12. Bc2 Bb7 13. e5 O-O 14. Be4 Rb8 15. Bf3 e6 16. Qd2 f6 17. exf6 Bxf6 18. Bh6 Bg7 19. Bxg7 Kxg7 20. Qe3 Qf6 21. Ng3 Ne7 22. Bxb7 Rxb7 23. Ne4 Qf4 24. Nc5 Qxe3 25. fxe3 Rb6 26. Rxf8 Kxf8 27. Nd7+ 1-0

[Event "Live Chess"]
[Site "Chess.com"]
[Date "2024.06.02"]
[Round "-"]
[White "Zhevzh1k7"]
[Black "Dhaydon19"]
[Result "0-1"]
[WhiteElo "1097"]
[BlackElo "2628"]
[TimeControl "300"]
[EndTime "1:52:54 PDT"]
[Termination "Dhaydon19 won by resignation"]

1. e4 c6 2. d4 d5 3. f3 e6 4.
Nc3 Nf6 5. e5 Nfd7 6. Bf4 c5 7.
Bb5 a6 8. Bxd7+ Bxd7 9. Nge2 Nc6 10. O-O cxd4 11. Nxd4 Qc7 12. Re1 Nxd4 13. Qxd4 Bc5 0-1

[Event "Live Chess"]
[Site "Chess.com"]
[Date "2024.06.02"]
[Round "-"]
[White "Pandreq"]
[Black "lateforthesky"]
[Result "0-1"]
[WhiteElo "1195"]
[BlackElo "2070"]
[TimeControl "300"]
[EndTime "1:52:57 PDT"]
[Termination "lateforthesky won on time"]

1. d4 Nf6 2. c4 g6 3. Nc3 Bg7 4.
Nf3 d6 5. Bf4 O-O 6. e3 c5 7. Be2 cxd4 8. exd4 Nc6 9. d5 e5 10.
dxc6 exf4 11. cxb7 Bxb7 12. O-O Re8 13. Re1 Qb6 14.
Rb1 Ng4 15. Rf1 Ne5 16. Nd5 Bxd5 17. Qxd5 Rac8 18. Nxe5 dxe5 19. b3 e4 20. g3 f3 21.
Bd1 Rcd8 22. Qb5 Qe6 23. Bxf3 exf3 24. Qb7 Qf5 25. Rbd1 Bd4 26. Qc6 Bb6 27. c5 Bxc5 28. Rxd8 Rxd8 29. Re1 Qe5 0-1

[Event "Live Chess"]
[Site "Chess.com"]
[Date "2024.06.02"]
[Round "-"]
[White "ameetghasi100"]
[Black "Brooms1989"]
[Result "1-0"]
[WhiteElo "2792"]
[BlackElo "1156"]
[TimeControl "300"]
[EndTime "1:53:25 PDT"]
[Termination "ameetghasi100 won by resignation"]

1. c4 Nf6 2. d4 g6 3. Nf3 Bg7 4. e3 O-O 5. Nc3 d6 6. h3 Nbd7 7. Be2 e5 8. O-O exd4 9. b3 dxc3 10. Nd4 c5 11. Nb5 Ne8 12. Qc2 a6 13. Nxc3 Bxc3 14.
Qxc3 Qf6 15. Qc2 Qxa1 16. Bb2 Qxa2 17. Ra1 Qxa1+ 18. Bxa1 Ne5 19. f4 Nc6 20. g4 Nf6 21.
Bxf6 b5 22. Bf3 Bd7 23. Qf2 Rac8 24. Qh4 Nd8 25. Qh6 Ne6 26. f5 1-0

[Event "Live Chess"]
[Site "Chess.com"]
[Date "2024.06.02"]
[Round "-"]
[White "StoreySniper"]
[Black "SergiiA"]
[Result "1-0"]
[WhiteElo "2512"]
[BlackElo "1537"]
[TimeControl "300"]
[EndTime "1:53:32 PDT"]
[Termination "StoreySniper won by resignation"]

1. e4 c5 2. Nf3 a6 3. d4 cxd4 4. c3 dxc3 5. Nxc3 Nc6 6. Bc4 e6 7. O-O Bb4 8. Qe2 Nge7 9. Rd1 O-O 10. Bg5 b5 11. Bb3 Qc7 12. Rac1 Bb7 13. Nd5 Qe5 14.
Nxb4 1-0

[Event "Live Chess"]
[Site "Chess.com"]
[Date "2024.06.02"]
[Round "-"]
[White "ACM42"]
[Black "CheckThis4"]
[Result "0-1"]
[WhiteElo "2167"]
[BlackElo "2696"]
[TimeControl "300"]
[EndTime "1:53:53 PDT"]
[Termination "CheckThis4 won on time"]

1. e4 c5 2. Nf3 Nc6 3. d4 cxd4 4. Nxd4 g6 5. Be3 Bg7 6. Nc3 Nf6 7. Nxc6 bxc6 8. e5 Nd5 9. Nxd5 cxd5 10. Qxd5 Rb8 11.
Bd4 O-O 12. O-O-O Bb7 13. Qc5 Be4 14. Bd3 Bxg2 15. Rhg1 Bf3 16. Rde1 d6 17. Qa3 Re8 18. Bxg6 hxg6 19. Qxf3 dxe5 20. Bxe5 Bxe5 21. Rxe5 Qd4 22. Qc3 Qxf2 23. Reg5 Qf6 24. h4 Qxc3 25. bxc3 Kg7 26. h5 Rb6 27. hxg6 Rxg6 28. Rxg6+ fxg6 29. Kd2 e5 30. Ke3 Rc8 31. Kd3 Kf6 32. c4 Rd8+ 33. Ke3 Rd4 34. Rf1+ Ke6 35. Rg1 Kf5 36. Rf1+ Rf4 37.
Rb1 Rxc4 38. Rb7 a5 39. Ra7 Ra4 40. c4 Rxa2 41. c5 a4 42. c6 Rc2 43. Rxa4 Rxc6 44.
Ra8 Rc3+ 45. Kf2 g5 46. Rf8+ Ke4 47. Kg2 g4 48. Rg8 g3 49. Rg4+ Kf5 50. Ra4 e4 51. Ra8 Kf4 52. Rf8+ Ke3 53. Kxg3 Ke2+ 54. Kg2 e3 55. Re8 Rc2 0-1

[Event "Live Chess"]
[Site "Chess.com"]
[Date "2024.06.02"]
[Round "-"]
[White "KeithArkell"]
[Black "DavrosLight"]
[Result "1-0"]
[WhiteElo "2400"]
[BlackElo "787"]
[TimeControl "300"]
[EndTime "1:54:05 PDT"]
[Termination "KeithArkell won by resignation"]

1. d4 d5 2. Nf3 Nf6 3. c4 e6 4. cxd5 Nxd5 5. Nc3 Bb4 6. Bd2 Bxc3 7. bxc3 O-O 8. e4 Ne7 9. Bd3 Nbc6 10. e5 Nd5 11. Bxh7+ Kh8 12. Ng5 g6 13. h4 Nf6 14. h5 gxh5 15.
Rxh5 Nxh5 16. Qxh5 Qxg5 17. Bxg5 1-0

[Event "Live Chess"]
[Site "Chess.com"]
[Date "2024.06.02"]
[Round "-"]
[White "NAZRIZ1977"]
[Black "MaksymYurii"]
[Result "1-0"]
[WhiteElo "2124"]
[BlackElo "1001"]
[TimeControl "300"]
[EndTime "1:54:30 PDT"]
[Termination "NAZRIZ1977 won by checkmate"]

1. c4 e5 2. g3 Nc6 3. Bg2 Bc5 4. Nc3 Qf6 5. e3 Nh6 6. Nge2 Ng4 7. O-O Qh6 8. h3 Nf6 9. d4 exd4 10. exd4 Bd6 11. Bxh6 gxh6 12. d5 Ne5 13. b3 h5 14. Nd4 h4 15. g4 Nfxg4 16. hxg4 Rg8 17. Re1 Kd8 18. f3 c6 19. Nf5 Bc5+ 20. Kh2 d6 21. dxc6 bxc6 22.
Rxe5 Kc7 23. Rxc5 dxc5 24. Qd6+ Kb6 25. Na4+ Kb7 26. Nxc5+ Kb6 27. Na4+ Kb7 28. Ne7 Re8 29. Qxc6+ Kb8 30. Qxe8 Kb7 31. Nc5+ Kb6 32. Qc6+ Ka5 33. Qb5# 1-0

[Event "Live Chess"]
[Site "Chess.com"]
[Date "2024.06.02"]
[Round "-"]
[White "AndyJWise"]
[Black "jellhhggffhjjjjjj"]
[Result "1/2-1/2"]
[WhiteElo "1036"]
[BlackElo "436"]
[TimeControl "300"]
[EndTime "1:54:35 PDT"]
[Termination "Game drawn - insufficient material"]

1. d4 e5 2. dxe5 Nc6 3. Nf3 d6 4. Bg5 f6 5. exf6 Nxf6 6. e4 h6 7. Bh4 g5 8. Nxg5 hxg5 9. Bxg5 Be7 10. Bb5 Bd7 11. Nc3 a6 12. Ba4 Ne5 13. Bxd7+ Qxd7 14. Bxf6 Bxf6 15. Nd5 Bg7 16. Qe2 O-O-O 17. O-O-O Nc6 18.
h4 Nd4 19. Qc4 Qb5 20. Qxb5 Nxb5 21. Kb1 Rhe8 22. f3 c6 23. Nb6+ Kc7 24. Nc4 d5 25. exd5 Rxd5 26. Rxd5 cxd5 27. Na5 Kb6 28. Nb3 Re2 29. g4 Rf2 30. h5 Rxf3 31. h6 Be5 32. h7 Rg3 33. h8=Q Bxh8 34. Rxh8 Rxg4 35.
Rh1 d4 36. a3 Re4 37. Nd2 Re2 38. Nc4+ Ka7 39. a4 Nc7 40. b3 b5 41. axb5 Nxb5 42. Rh7+ Kb8 43. Rh6 Nc3+ 44. Kb2 Re1 45. Na3 Ka7 46.
Rd6 Re4 47. Nb1 Nxb1 48. Kxb1 Re1+ 49. Kb2 Re4 50. c3 Re2+ 51. Ka3 dxc3 52. Rc6 Re3 53. Kb4 Kb7 54. Rxc3 Rxc3 55. Kxc3 Kb6 56. Kb4 a5+ 57.
Kc4 Kc6 58. b4 axb4 59. Kxb4 1/2-1/2

[Event "Live Chess"]
[Site "Chess.com"]
[Date "2024.06.02"]
[Round "-"]
[White "LL220284LL"]
[Black "silunn"]
[Result "1-0"]
[WhiteElo "2502"]
[BlackElo "2200"]
[TimeControl "300"]
[EndTime "1:54:44 PDT"]
[Termination "LL220284LL won by resignation"]

1. e3 e6 2. c4 d5 3. g3 Nf6 4. Bg2 Be7 5. Nf3 O-O 6. b3 dxc4 7. bxc4 Nc6 8. Bb2 Qd3 9. Qb3 Nb4 10. Na3 Qxb3 11. axb3 Nd3+ 12. Ke2 Nxb2 13. Rhb1 Nxc4 14. Nxc4 Nd5 15. Nfe5 Bf6 16. f4 b5 17. Na5 Bxe5 18.
fxe5 Bd7 19. Rc1 Rfc8 20. Nc6 Bxc6 21. Rxc6 a5 22. Bxd5 exd5 23. Rac1 Ra7 24. R6c5 a4 25.
bxa4 bxa4 26. Rxd5 a3 27. Ra1 c5 28. Kd3 a2 29. Kc2 c4 30. Rb5 Ra3 31. Rb2 c3 32. Rbxa2 cxd2+ 33. Kxd2 Rxa2+ 34. Rxa2 g6 35. Kd3 Rc7 36. Ke4 Kg7 37. Kf4 Re7 38. g4 Rc7 39. h4 Rc4+ 40. e4 Rc6 41. Ra7 Re6 42. Rd7 Rb6 43.
h5 h6 44. hxg6 Rxg6 45. Rd6 Rg5 46. Rf6 h5 47. Kxg5 1-0

[Event "Live Chess"]
[Site "Chess.com"]
[Date "2024.06.02"]
[Round "-"]
[White "blunderabit"]
[Black "MagnersCarlsberg2870"]
[Result "1/2-1/2"]
[WhiteElo "1774"]
[BlackElo "1804"]
[TimeControl "300"]
[EndTime "1:54:51 PDT"]
[Termination "Game drawn by repetition"]

1. e4 e5 2. Nf3 Nf6 3. d4 exd4 4. e5 Bb4+ 5. Bd2 Nd5 6. Bc4 Bxd2+ 7. Qxd2 Nb6 8. Bb3 O-O 9. Qxd4 Nc6 10. Qf4 d6 11.
O-O dxe5 12. Nxe5 Nxe5 13. Qxe5 Re8 14. Qf4 Be6 15. Nc3 Bxb3 16. axb3 Qe7 17. Nb5 Nd5 18. Qd4 c6 19. c4 cxb5 20. cxd5 Rad8 21. Rxa7 Qg5 22. d6 Re2 23. h4 Qh6 24. d7 Rd2 25. Qe4 R2xd7 26. Rxb7 Rxb7 27. Qxb7 Qxh4 28. Qxb5 g6 29.
Re1 Rd2 30. Re8+ Kg7 31. Qe5+ Kh6 32. Qe3+ Qg5 33. Qh3+ Kg7 34. Qc3+ Kh6 35. Qh3+ Kg7 36. Qc3+ Kh6 37. Qh3+ 1/2-1/2

[Event "Live Chess"]
[Site "Chess.com"]
[Date "2024.06.02"]
[Round "-"]
[White "NottheBishopSacrifice"]
[Black "friarnator"]
[Result "0-1"]
[WhiteElo "2312"]
[BlackElo "2198"]
[TimeControl "300"]
[EndTime "1:54:58 PDT"]
[Termination "friarnator won by checkmate"]

1. d4 Nf6 2. c4 g6 3. g3 Bg7 4. Bg2 O-O 5. Nc3 d6 6. Nf3 Nbd7 7. O-O e5 8. e4 exd4 9. Nxd4 Ne5 10. b3 Re8 11.
Re1 a6 12. Bb2 Rb8 13. Nd5 c5 14. Nf3 Nxd5 15. Nxe5 Nb4 16. a3 dxe5 17. axb4 cxb4 18. Qc2 Be6 19. Red1 Qc7 20. Qd2 Qc5 21. Qd6 Qxd6 22.
Rxd6 Red8 23. Rad1 Rxd6 24. Rxd6 Bf8 25. Rd2 f6 26. f4 Bc5+ 27. Kf1 exf4 28. gxf4 Kf7 29. e5 Be3 30. Rd3 Bxf4 31. exf6 Bf5 32. Bd5+ Be6 33.
Bxe6+ Kxe6 34. Kg2 Bg5 35. Rh3 h6 36. Rg3 Rd8 37. Kh3 Kf7 38. Rf3 Rd6 39. Be5 Re6 40.
Bd4 Bxf6 41. Bc5 a5 42. Rd3 Be7 43. Be3 g5 44. Kg4 Kg6 45. Kf3 h5 46. h3 Rf6+ 47. Kg2 g4 48. hxg4 hxg4 49. Rd5 b6 50. Rg5+ Kf7 51. Rxg4 Bc5 52. Bxc5 bxc5 53. Rg5 Rg6 54. Rxg6 Kxg6 55. Kf2 a4 56. Ke2 a3 57. Kd2 a2 58. Kc2 a1=Q 59. Kd3 Qc3+ 60. Ke2 Qxb3 61. Kd2 Qxc4 62. Kd1 Qc3 63. Ke2 b3 64. Kf2 b2 65.
Kg2 b1=Q 66. Kh2 Qbb2+ 67. Kh1 Qcc1# 0-1

[Event "Live Chess"]
[Site "Chess.com"]
[Date "2024.06.02"]
[Round "-"]
[White "JanMur7"]
[Black "Duke_of_Bebington"]
[Result "1-0"]
[WhiteElo "2274"]
[BlackElo "1664"]
[TimeControl "300"]
[EndTime "1:55:12 PDT"]
[Termination "JanMur7 won by checkmate"]

1. c4 c6 2. Nc3 d5 3. d4 e5 4. cxd5 cxd5 5. e4 dxe4 6. dxe5 Qxd1+ 7. Kxd1 Bf5 8. Nb5 Na6 9. Be3 Rd8+ 10. Ke1 Bb4+ 11. Ke2 Bg4+ 12. f3 exf3+ 13. gxf3 Bf5 14. Kf2 Ne7 15. Bh3 O-O 16. a3 Bc5 17. Bxc5 Nxc5 18. Nd6 Nd3+ 19. Kg3 Nxe5 20. Nxf5 Nxf5+ 21. Bxf5 g6 22. Be4 f5 23. Bxb7 h5 24. h4 Rb8 25. Bd5+ Kg7 26.
b4 Rfd8 27. Rd1 Rdc8 28. Nh3 Rc3 29. Ng5 Rxa3 30. Rc1 Kf6 31. Rc7 Rxb4 32. Nh7# 1-0

[Event "Live Chess"]
[Site "Chess.com"]
[Date "2024.06.02"]
[Round "-"]
[White "SergiiA"]
[Black "KeithArkell"]
[Result "0-1"]
[WhiteElo "1537"]
[BlackElo "2400"]
[TimeControl "300"]
[EndTime "1:55:14 PDT"]
[Termination "KeithArkell won by resignation"]

1. c4 c5 2. Nc3 Nc6 3. e4 g6 4. g3 Bg7 5. Bg2 e6 6. Nge2 Nge7 7. O-O O-O 8. d3 a6 9. h3 b5 10. cxb5 axb5 11. Nxb5 Ba6 12. Nbc3 Nb4 13. d4 cxd4 14.
Nxd4 Bxf1 15. Qxf1 Bxd4 0-1

[Event "Live Chess"]
[Site "Chess.com"]
[Date "2024.06.02"]
[Round "-"]
[White "TheSmoulderingMaster"]
[Black "matt1979"]
[Result "1-0"]
[WhiteElo "1780"]
[BlackElo "1406"]
[TimeControl "300"]
[EndTime "1:55:47 PDT"]
[Termination "TheSmoulderingMaster won by resignation"]

1. e4 d6 2. d4 Nf6 3. Nc3 Nbd7 4.
Nf3 e5 5. Bc4 Be7 6. O-O c6 7. Bg5 Qc7 8. Re1 h6 9. Bh4 b6 10. d5 b5 11. dxc6 Qxc6 12. Bxb5 Qc7 13. Nd5 Nxd5 14. Qxd5 Rb8 15. Bxe7 Kxe7 16. Bxd7 Bxd7 17.
Nh4 g6 18. Rad1 Be6 19. Qd2 Rxb2 20. Nf3 Rxc2 21. Qb4 f6 22. h3 Rc8 23. Nd2 Rc1 24.
Rxc1 Qxc1 25. Rxc1 Rxc1+ 26. Kh2 1-0

[Event "Live Chess"]
[Site "Chess.com"]
[Date "2024.06.02"]
[Round "-"]
[White "Keithdfg"]
[Black "booktrunk"]
[Result "1-0"]
[WhiteElo "1763"]
[BlackElo "1510"]
[TimeControl "300"]
[EndTime "1:55:58 PDT"]
[Termination "Keithdfg won by resignation"]

1. Nf3 b6 2. d3 Bb7 3. Nbd2 c5 4. e4 e6 5. Be2 h6 6. O-O Nf6 7. c3 Be7 8. a4 d6 9. a5 bxa5 10. Qa4+ Bc6 11. Qxa5 Qxa5 12. Rxa5 O-O 13. Nc4 Bd8 14. Ra1 d5 15. Nce5 dxe4 16. Nxc6 Nxc6 17. dxe4 Nxe4 18.
Be3 Be7 19. Ra4 Nf6 20. Rfa1 a5 21. Bb5 Rfc8 22. Bxc6 Rxc6 23. Ne5 Rca6 24. Nc4 Nd5 25. Rxa5 Rxa5 26. Rxa5 Rxa5 27. Nxa5 Nxe3 28. fxe3 Bd6 29. h3 Kf8 30. Nc4 Bc7 31. Kf2 Ke7 32. e4 g5 33.
Kf3 f5 34. g4 fxg4+ 35. hxg4 Kf6 36. b4 cxb4 37. cxb4 Kg6 38. b5 h5 39. b6 Bb8 40. b7 hxg4+ 41. Kxg4 Kf6 42. Kh5 e5 43. Kg4 Kg6 44. Na5 Kf6 45. Nc6 Bc7 46. b8=Q Bxb8 47.
Nxb8 Ke6 48. Kxg5 Kd6 49. Kf5 Kc5 50. Nd7+ Kd4 51. Nxe5 Kc5 52. Ng6 Kd6 53. e5+ Kd7 54. Kf6 Ke8 55. e6 Kd8 56. Kf7 1-0

[Event "Live Chess"]
[Site "Chess.com"]
[Date "2024.06.02"]
[Round "-"]
[White "TigerTank70"]
[Black "Bradfield133"]
[Result "1-0"]
[WhiteElo "2220"]
[BlackElo "1880"]
[TimeControl "300"]
[EndTime "1:56:03 PDT"]
[Termination "TigerTank70 won on time"]

1. e4 c5 2. d4 cxd4 3. c3 dxc3 4. Nxc3 Nc6 5. Nf3 d6 6. Bc4 e6 7. Qe2 a6 8. O-O b5 9. Bb3 Ra7 10. Rd1 Rd7 11. Bg5 Be7 12. Bxe7 Qxe7 13. Rac1 Bb7 14. Bc2 Nf6 15. Bb1 O-O 16. h3 Rfd8 17. a3 Ne5 18. Nxe5 dxe5 19. Rxd7 Rxd7 20. Bc2 b4 21. axb4 Qxb4 22.
Ba4 Rc7 23. f3 g6 24. Qd2 Qd4+ 25. Qf2 Rxc3 26. bxc3 Qxa4 27. c4 Qa3 28. Rb1 Bc6 29. Qb6 Qa4 30. Rb4 Qa1+ 31. Kh2 Be8 32. c5 Qc1 33.
Rb1 Qf4+ 34. Kh1 Nh5 35. c6 Ng3+ 36. Kg1 Bxc6 37. Qxc6 Qe3+ 38. Kh2 Ne2 39. Qc2 Qf4+ 40. Kh1 Ng3+ 41. Kg1 1-0

[Event "Live Chess"]
[Site "Chess.com"]
[Date "2024.06.02"]
[Round "-"]
[White "RichardABates"]
[Black "uselessduffer"]
[Result "0-1"]
[WhiteElo "2360"]
[BlackElo "2403"]
[TimeControl "300"]
[EndTime "1:56:04 PDT"]
[Termination "uselessduffer won by resignation"]

1. d4 Nf6 2. Nf3 e6 3. c4 Nc6 4. Nc3 Bb4 5. Qc2 d6 6. Bd2 O-O 7. a3 Bxc3 8. Bxc3 Re8 9. e4 e5 10. dxe5 dxe5 11. Rd1 Qe7 12. Be2 Bg4 13. O-O Rad8 14. h3 Bxf3 15. Bxf3 Nd4 16. Bxd4 Rxd4 17. c5 Red8 18. b4 c6 19. Rxd4 Rxd4 20. Rd1 Qd8 21.
Rxd4 Qxd4 22. g3 Kf8 23. Kg2 Ke7 24. Qb1 Ne8 25. a4 Nc7 26. Bg4 Ne6 27. Bxe6 Kxe6 28. Qb3+ Ke7 29. Kf3 g6 30. g4 h6 31. h4 a6 32. g5 hxg5 33. hxg5 Qd2 34. Qc4 Qxg5 35. Qd3 Qh5+ 36. Kg3 Qg5+ 37. Kf3 Qf6+ 38. Ke2 Qe6 39. b5 Qd7 40. Qxd7+ Kxd7 41. bxc6+ Kxc6 0-1

[Event "Live Chess"]
[Site "Chess.com"]
[Date "2024.06.02"]
[Round "-"]
[White "AlanBstard10"]
[Black "80Times"]
[Result "1/2-1/2"]
[WhiteElo "1221"]
[BlackElo "1886"]
[TimeControl "300"]
[EndTime "1:56:05 PDT"]
[Termination "Game drawn by agreement"]

1. b4 e6 2. Bb2 f5 3. a3 Nf6 4. e3 d5 5. Be2 Bd6 6. c4 c6 7.
cxd5 cxd5 8. Nf3 Nbd7 9. O-O O-O 10. d3 a6 11. Nbd2 b5 12. h3 Bb7 13. Rc1 a5 14.
bxa5 Rxa5 15. Nb3 Ra4 16. Nbd4 Bxa3 17. Bxa3 Rxa3 18. Nxb5 Ra2 19. Nd6 Ba6 20. Rc2 Qa5 21. Rxa2 Qxa2 22. Re1 Rb8 23. Kh2 Rb2 24. Nd4 Nc5 25.
Qc1 Nxd3 26. Bxd3 Rxf2 27. Rg1 h5 28. Bxa6 Qxa6 29. Qc8+ Qxc8 30. Nxc8 e5 1/2-1/2

[Event "Live Chess"]
[Site "Chess.com"]
[Date "2024.06.02"]
[Round "-"]
[White "CarmelJane"]
[Black "chessgoatpawel"]
[Result "0-1"]
[WhiteElo "2041"]
[BlackElo "2084"]
[TimeControl "300"]
[EndTime "1:56:11 PDT"]
[Termination "chessgoatpawel won by resignation"]

1. e4 c6 2. d4 d5 3. e5 Bf5 4. Nf3 e6 5. Be2 Ne7 6. O-O Bg6 7. Nbd2 c5 8. dxc5 Nd7 9. b4 a5 10.
c3 axb4 11. cxb4 Nc6 12. Bb2 Nxb4 13. Nb3 Nxc5 14. Nxc5 Bxc5 15. Bb5+ Nc6 16. Rc1 Qb6 17. a4 O-O 18. h4 Na7 19. Bd3 Bxd3 20. Qxd3 Nc6 21.
Ng5 g6 22. h5 Be7 23. Rxc6 bxc6 24. Bc1 Qd8 25. hxg6 Bxg5 26. gxh7+ Kh8 27. f4 Bh6 28. Qh3 Bg7 29. f5 Bxe5 30. fxe6 fxe6 31. Re1 Bd4+ 32.
Kh1 Qe7 33. Ba3 Qxh7 34. Qxh7+ Kxh7 35. Rxe6 Rf1+ 36. Kh2 Rxa4 0-1

[Event "Live Chess"]
[Site "Chess.com"]
[Date "2024.06.02"]
[Round "-"]
[White "yarek"]
[Black "Vladyslav2008"]
[Result "0-1"]
[WhiteElo "1731"]
[BlackElo "2257"]
[TimeControl "300"]
[EndTime "1:56:22 PDT"]
[Termination "Vladyslav2008 won by resignation"]

1. e4 c5 2. d4 cxd4 3. c3 Nc6 4. cxd4 d5 5. e5 Bf5 6. a3 e6 7. Nc3 a6 8. Bd3 Nge7 9. Nf3 Qb6 10. Na4 Qa7 11. Be3 Bxd3 12. Qxd3 Nf5 13. O-O b5 14. Nc5 Bxc5 15. dxc5 O-O 16. b4 Qc7 17. Nd4 Nxe5 18. Qe2 Nc4 19. Bg5 Nxd4 0-1

[Event "Live Chess"]
[Site "Chess.com"]
[Date "2024.06.02"]
[Round "-"]
[White "Eva3337"]
[Black "nitrofish07"]
[Result "0-1"]
[WhiteElo "1181"]
[BlackElo "2080"]
[TimeControl "300"]
[EndTime "1:56:47 PDT"]
[Termination "nitrofish07 won by resignation"]

1. e4 c5 2. c3 d5 3. e5 Nc6 4.
d4 Bf5 5. Bd3 Bxd3 6. Qxd3 e6 7.
Nf3 Qb6 8. b3 Nge7 9. O-O Ng6 10. Re1 Be7 11. Na3 O-O 12. Nb5 a6 13. Nd6 Bxd6 14. exd6 cxd4 15. cxd4 Qd8 16. Ne5 Qxd6 17. Nxc6 Qxc6 18. Bb2 Rac8 19. Rac1 Qd7 20. Rc5 b6 21.
Rc3 Rxc3 22. Qxc3 Rc8 23. Qd3 b5 24. g3 Rc6 25. h4 Qc7 26. Qd2 Rc2 27. Qa5 Qxa5 0-1

[Event "Live Chess"]
[Site "Chess.com"]
[Date "2024.06.02"]
[Round "-"]
[White "ProfessorChess101"]
[Black "Ferrarifan27"]
[Result "1-0"]
[WhiteElo "2728"]
[BlackElo "2138"]
[TimeControl "300"]
[EndTime "1:56:50 PDT"]
[Termination "ProfessorChess101 won by checkmate"]

1. d4 Nf6 2. c4 e6 3. Nc3 Bb4 4. Nf3 b6 5. e3 Bb7 6. Bd2 O-O 7. a3 Bxc3 8. Bxc3 d6 9. Bd3 Ne4 10. Nd2 Nxc3 11. bxc3 e5 12. e4 Nd7 13. O-O Qf6 14. Nf3 a5 15. Bc2 Rfe8 16. Re1 Rad8 17. Qd2 Ba6 18. Bb3 Nf8 19. Rad1 Ng6 20. Qe3 Nf4 21. c5 dxc5 22. dxe5 Qh6 23. h4 Rxd1 24. Rxd1 Ne2+ 25. Kh2 Qxe3 26. fxe3 Nxc3 27. Rd7 Nxe4 28. Bxf7+ Kf8 29. Bxe8 Kxe8 30. Rxc7 Kf8 31. e6 Bc4 32. e7+ Ke8 33. Ne5 Be6 34. Rb7 c4 35. Nc6 Nd6 36. Rb8+ Kf7 37.
Rf8+ Kg6 38. Rd8 c3 39. Rxd6 c2 40. e8=Q+ Kh6 41. Rxe6+ g6 42. Ne5 c1=Q 43. Rxg6+ Kh5 44. Rg5+ Kh6 45. Qh5# 1-0

[Event "Live Chess"]
[Site "Chess.com"]
[Date "2024.06.02"]
[Round "-"]
[White "RockTroll"]
[Black "Crowded_House"]
[Result "1-0"]
[WhiteElo "2181"]
[BlackElo "1682"]
[TimeControl "300"]
[EndTime "1:56:50 PDT"]
[Termination "RockTroll won by resignation"]

1. Nf3 e6 2. g3 d5 3. Bg2 c5 4.
O-O Nc6 5. d3 Nf6 6. Nbd2 Bd6 7.
e4 dxe4 8. dxe4 Ne5 9. Nxe5 Bxe5 10. c3 O-O 11. f4 Bc7 12. e5 Nd5 13. Ne4 b6 14. c4 Ne7 15. Qxd8 Rxd8 16. Nf6+ gxf6 17.
exf6 Rb8 18. fxe7 Re8 19. f5 Rxe7 20. f6 Rd7 21. Bh6 Bb7 22. Bxb7 Rxb7 23. Rae1 Rd4 24. Rf5 Rg4 25. Rd5 Rb8 26. Rd7 Rc8 27. Red1 Rg6 28.
Rxc7 Rf8 29. Bxf8 Rxf6 30. Rc8 h6 31. Be7+ Kg7 32. Bxf6+ Kxf6 33. Rd7 1-0